 Dungeon Crawl Stone Soup version 0.29.1-2-gbd0b4ee654 (webtiles) character file.

Game seed: 5905915654814911536

8537 cdecastro the Zephyrmancer (level 11, -6/72 HPs)
             Began as a Tengu Air Elementalist on Nov 8, 2022.
             Was a Priest of Vehumet.
             Mangled by a wolf (7 damage)
             ... in a Gauntlet.
             The game lasted 00:42:10 (16734 turns).

cdecastro the Zephyrmancer (TeAE)                  Turns: 16734, Time: 00:42:10

Health: -6/72      AC:  9    Str:  9    XL:     11   Next: 32%
Magic:  20/26      EV: 15    Int: 19    God:    Vehumet [***...]
Gold:   436        SH:  0    Dex: 15    Spells: 12/30 levels left

rFire   . . .      SeeInvis +   b - +0 sling (flame)
rCold   . . .      Faith    .   (no shield)
rNeg    . . .      Spirit   .   L - +3 leather armour {rPois}
rPois   +          Reflect  .   (helmet restricted)
rElec   +          Harm     .   O - +0 cloak
rCorr   .          Rampage  .   S - +1 pair of gloves "Fexera" {rElec}
Will    .....      NoTele   +   (boots unavailable)
Stlth   ++........              (no amulet)
HPRegen 0.22/turn               w - ring of see invisible
MPRegen 0.20/turn               I - ring of poison resistance

@: flying quickly and evasively, quick
A: beak, talons 3, nimble flight
a: Renounce Religion


You were in a Gauntlet.
You worshipped Vehumet.
Vehumet was most pleased with you.
You visited 2 branches of the dungeon, and saw 12 of its levels.
You also visited: Gauntlet.

You collected 436 gold pieces.

Inventory:

Hand Weapons
 a - a +1 short sword of venom
 b - a +0 sling of flaming (weapon)
 e - a +0 short sword
 t - a +0 hand axe of venom
 K - a +1 hand axe of freezing
Missiles
 c - 16 poisoned darts
 d - 100 stones
 j - 9 javelins
 z - 2 boomerangs
 E - a silver boomerang
Armour
 u - a +0 ring mail of cold resistance
 L - a +3 leather armour of poison resistance (worn)
 O - a +0 cloak (worn)
 R - a +2 leather armour of willpower
 S - the +1 pair of gloves "Fexera" (worn) {rElec}
   (You found it on level 10 of the Dungeon)

   rElec:     It insulates you from electricity.
Magical Staves
 P - a staff of fire
Jewellery
 w - a ring of see invisible (left hand)
 I - a ring of poison resistance (right hand)
 M - an amulet of guardian spirit
Wands
 y - a wand of flame (23)
 J - a wand of iceblast (21)
 V - a wand of paralysis (7)
Scrolls
 f - 3 scrolls of enchant weapon {unknown}
 g - 9 scrolls of identify {unknown}
 h - 3 scrolls of teleportation {unknown}
 i - 3 scrolls of immolation {unknown}
 l - a scroll of brand weapon {unknown}
 m - 3 scrolls of vulnerability {unknown}
 p - a scroll of torment {unknown}
 q - 2 scrolls of noise {unknown}
 s - 3 scrolls of amnesia {unknown}
 x - 2 scrolls of magic mapping {unknown}
 A - a scroll of silence {unknown}
 D - 2 scrolls of enchant armour {unknown}
 G - 4 scrolls of fear {unknown}
 Q - a scroll of poison {unknown}
Potions
 k - 2 potions of attraction {unknown}
 n - 7 potions of curing {unknown}
 o - 2 potions of brilliance {unknown}
 r - 3 potions of haste {unknown}
 v - a potion of might {unknown}
 B - 2 potions of heal wounds {unknown}
 C - 3 potions of magic
 F - 5 potions of lignification {unknown}
 H - a potion of cancellation {unknown}
 N - a potion of degeneration {unknown}
 U - a potion of resistance {unknown}
Miscellaneous
 T - a lightning rod (4/4)


   Skills:
 - Level 10.0 Fighting
 + Level 3.3 Dodging
 - Level 2.0 Stealth
 - Level 10.0 Spellcasting
 - Level 5.0 Conjurations
 - Level 5.0 Fire Magic
 - Level 10.0 Air Magic


You had 12 spell levels left.
You knew the following spells:

 Your Spells              Type           Power      Damage    Failure   Level
a - Shock                 Conj/Air       100%       1d9       1%          1
b - Static Discharge      Conj/Air       38%        3-8/arc   1%          2
c - Swiftness             Air            47%        N/A       1%          3
d - Airstrike             Air            23%        2d(4-20)  1%          4
e - Foxfire               Conj/Fire      100%       2x1d9     1%          1
f - Ignite Poison         Fire/Tmut/Pois 15%        N/A       4%          3
g - Flame Wave            Conj/Fire      28%        2d9       3%          4

Your spell library contained the following spells:

 Spells                   Type           Power      Damage    Failure   Level
 Magic Dart               Conj           100%       1d8       1%          1
 Scorch                   Fire           56%        2d8       1%          2
 Mephitic Cloud           Conj/Pois/Air  28%        N/A       1%          3
 Necrotise                Necr           36%        1d5       11%         1
 Summon Small Mammal      Summ           36%        N/A       11%         1
 Blink                    Tloc           18%        N/A       16%         2
 Call Imp                 Summ           9%         N/A       16%         2
 Ensorcelled Hibernation  Hex/Ice        18%        N/A       16%         2
 Call Canine Familiar     Summ           9%         N/A       30%         3
 Ozocubu's Armour         Ice            9%         N/A       30%         3
 Spider Form              Tmut/Pois      9%         N/A       30%         3
 Summon Guardian Golem    Hex/Summ       9%         N/A       30%         3
 Vampiric Draining        Necr           9%         2d6       30%         3
 Anguish                  Hex/Necr       4%         N/A       71%         4
 Orb of Destruction       Conj           14%        9d7       93%         7
 Agony                    Necr           9%         N/A       96%         5
 Manifold Assault         Tloc           9%         N/A       96%         5
 Metabolic Englaciation   Hex/Ice        4%         N/A       96%         5
 Spellforged Servitor     Conj/Summ      9%         N/A       99%         7
 Simulacrum               Ice/Necr       4%         N/A       100%        6
 Summon Cactus Giant      Summ           4%         N/A       100%        6
 Ozocubu's Refrigeration  Ice            4%         4d8       100%        7
 Storm Form               Tmut/Air       14%        N/A       100%        7


Dungeon Overview and Level Annotations

Branches:
Dungeon (11/15)            Temple (1/1) D:4         Gauntlet (1/1)
   Lair: D:8-11         Orc: D:9-12

Altars:
Ashenzari
Cheibriados
Dithmenos
Elyvilon
Fedhas
Gozag
Hepliaklqana
Kikubaaqudgha
Makhleb
Nemelex Xobeh
Okawaru
Qazlal
Ru
Sif Muna
Trog
Uskayaw
Vehumet
Wu Jian
Xom
Yredelemnul
Zin
The Shining One

Shops:
D:4 !   D:9 *

Annotations:
D:2 Terence
D:3 vault need dig
D:7 1 runed translucent door
D:8 vault need dig Gauntlet 12 transporters, 3 runed translucent doors


Innate Abilities, Weirdness & Mutations

You have a beak for a mouth.
You have claws for feet.
Your magical nature lets you fly swiftly and evasively.


Message History

Being near the torpor snail leaves you feeling lethargic.
There is a transporter here.
You enter the transporter and appear at another place.
You feel yourself speed up.
The eye of devastation turns its gaze towards you.
The wolf barely misses you. The wolf bites you!
* * * LOW HITPOINT WARNING * * *
The wolf misses you. The wolf bites you.
* * * LOW HITPOINT WARNING * * *
The wolf bites you but does no damage. The wolf barely misses you.
Unknown command.
Casting: Static Discharge (safe; 1% risk of failure)
Confirm with . or Enter, or press ? or * to list all spells.
Casting: Flame Wave (dangerous; 3% risk of failure)
Press: ? - help, Dir - look around, f - activate A wave of flame ripples out!
The flame wave engulfs the wolf!
The wolf is heavily wounded.
The flame wave engulfs the wolf!
You kill the wolf!
Vehumet accepts your kill.
You feel your power returning.
The flame wave engulfs the wolf!
The wolf is heavily wounded. (Press . to intensify the flame waves.)
The wolf bites you!
* * * LOW HITPOINT WARNING * * *
The wolf bites you.
* * * LOW HITPOINT WARNING * * *
Unknown command.
Unknown command.
Unknown command.
Unknown command.
A wave of flame ripples out!
The flame wave engulfs the wolf!
The wolf is severely wounded.
The flame wave engulfs the wolf.
The wolf is severely wounded.
The flame wave engulfs the wolf.
The wolf is lightly wounded.
The wolf bites you but does no damage. The wolf barely misses you.
The wolf bites you!
You die...

### ### ### ### ### ### ### ###
#≈###≈###≈###≈###≈###≈###≈###≈##
≈≈≈#≈≈≈#≈≈≈#≈≈≈#≈≈≈#≈≈≈#≈≈≈#≈≈≈#
.............................≈##
##...#########...#########...##
##.8.#G......#.8.#.......#...≈##
.#...#.###.#.#...#(...##.#..∩≈≈#
.#####?###...#####..##.#.#...≈##
##©.©#©###©.G#©h@#hw#©.#.#©..##
t#...#)...##.#.hh#?#..##.#...≈##
##...#....##.#...#.####..#..∩≈≈#
.#8©8#.......#8©8#.......#...≈##
##########################...##
.............................≈##
.8⌠8...#≈≈≈#≈≈≈#≈≈≈#≈≈≈#≈≈≈#≈≈≈#
......###≈###≈###≈###≈###≈###≈##
####### ### ### ### ### ### ###


You could see a torpor snail, an eye of devastation and 4 wolves.

Vanquished Creatures
  2 two-headed ogres
  An unseen horror (D:10)
  A troll (D:10)
  2 wraiths
  15 yaks
  3 wyverns
  2 acid dragons (D:9)
  A water moccasin (D:5)
  Duvessa (D:7)
  2 orc warriors
  2 ice beasts (D:5)
  A black bear (D:5)
  A sky beast (D:7)
  2 ogres
  A wolf (Gauntlet)
  4 centaurs
  2 phantoms (D:5)
  Blork the orc (D:5)
  2 kobold brigands
  2 bullfrogs (D:7)
  2 scorpions
  4 wights (D:8)
  Dowan (D:6)
  7 howler monkeys
  2 quasits
  4 jellies
  6 orc priests
  5 hounds
  3 iguanas
  16 orc wizards
  13 adders
  5 shadow imps
  3 white imps
  7 ufetubi (D:6)
  A worm (D:3)
  4 dart slugs
  41 orcs
  6 bats
  4 endoplasms
  4 giant cockroaches
  2 goblins
  4 hobgoblins
  15 kobolds
  3 quokkas
  7 ball pythons
  4 frilled lizards
  6 rats
227 creatures vanquished.

Vanquished Creatures (others)
  11 demonic plants (D:6)
  10 foxfires
21 creatures vanquished.

Grand Total: 248 creatures vanquished

Notes
Turn   | Place    | Note
-------+----------+-------------------------------------------
     0 | D:1      | cdecastro the Tengu Air Elementalist began the quest for
                  | the Orb.
     0 | D:1      | Reached XP level 1. HP: 10/10 MP: 4/4
   248 | D:1      | Reached XP level 2. HP: 15/15 MP: 3/6
   605 | D:1      | Reached XP level 3. HP: 19/19 MP: 3/7
   919 | D:1      | Learned a level 2 spell: Static Discharge
  1493 | D:2      | Noticed Terence
  2073 | D:3      | Reached skill level 5 in Air Magic
  2073 | D:3      | Reached XP level 4. HP: 24/24 MP: 2/8
  2929 | D:3      | Gained mutation: Your magical nature lets you fly swiftly
                  | and evasively. [Tengu growth]
  2929 | D:3      | Reached XP level 5. HP: 14/28 MP: 0/9
  3340 | D:4      | Found Calixtud's Distillery.
  3464 | D:4      | Found a staircase to the Ecumenical Temple.
  3479 | Temple   | Entered the Ecumenical Temple
  3937 | Temple   | Became a worshipper of Vehumet
  4196 | D:4      | Reached XP level 6. HP: 23/32 MP: 5/10
  4367 | D:4      | Found a bloodstained altar of Trog.
  4900 | D:5      | Entered Level 5 of the Dungeon
  4936 | D:5      | Learned a level 3 spell: Swiftness
  4977 | D:5      | Reached XP level 7. HP: 30/36 MP: 6/11
  5314 | D:5      | Reached skill level 10 in Air Magic
  5502 | D:5      | Noticed Blork the orc
  5678 | D:5      | Killed Blork the orc
  5679 | D:5      | Reached skill level 1 in Fighting
  6159 | D:5      | Found a burning altar of Makhleb.
  6179 | D:5      | Learned a level 4 spell: Airstrike
  6407 | D:5      | Reached XP level 8. HP: 42/48 MP: 5/12
  6501 | D:5      | Reached skill level 5 in Fighting
  6512 | D:5      | Reached * piety under Vehumet
  6512 | D:5      | Offered knowledge of Foxfire by Vehumet.
  8627 | D:6      | Found a blossoming altar of Fedhas.
  8929 | D:5      | Learned a level 1 spell: Foxfire
  9266 | D:6      | Reached XP level 9. HP: 59/59 MP: 13/13
 10934 | D:7      | Found a runed translucent door.
 10934 | D:7      | Noticed a sixfirhy
 11033 | D:7      | Reached skill level 10 in Fighting
 11036 | D:7      | Noticed Duvessa
 11111 | D:7      | Killed Duvessa
 11315 | D:7      | Noticed Dowan
 11443 | D:6      | Offered knowledge of Poisonous Vapours by Vehumet.
 11641 | D:6      | Killed Dowan
 11641 | D:6      | Reached ** piety under Vehumet
 12290 | D:7      | Found a glowing golden altar of the Shining One.
 12444 | D:8      | Reached skill level 5 in Spellcasting
 12774 | D:8      | Reached XP level 10. HP: 68/68 MP: 10/19
 13998 | D:9      | Noticed a two-headed ogre
 14019 | D:8      | Killed a two-headed ogre
 15104 | D:9      | Offered knowledge of Ignite Poison by Vehumet.
 15382 | D:9      | Found Siokk's Serpentskin Sales.
 15391 | D:9      | Learned a level 3 spell: Ignite Poison
 15557 | D:10     | Entered Level 10 of the Dungeon
 15757 | D:10     | Identified the +1 pair of gloves "Fexera" {rElec}
 15785 | D:10     | Noticed an unseen horror
 15791 | D:10     | Killed an unseen horror
 15791 | D:10     | Reached *** piety under Vehumet
 15792 | D:10     | Reached skill level 10 in Spellcasting
 15792 | D:10     | Reached XP level 11. HP: 70/72 MP: 17/26
 15802 | D:10     | Learned a level 4 spell: Flame Wave
 15912 | D:10     | Reached skill level 5 in Conjurations
 16147 | D:10     | Noticed a two-headed ogre
 16153 | D:10     | Killed a two-headed ogre
 16154 | D:10     | Reached skill level 5 in Fire Magic
 16532 | D:11     | Found a gate leading to a gauntlet.
 16545 | Gauntlet | Entered a Gauntlet
 16545 | Gauntlet | Found a transporter.
 16548 | Gauntlet | Found a transporter.
 16552 | Gauntlet | Found a transporter.
 16564 | Gauntlet | Found a transporter.
 16565 | Gauntlet | Found a transporter.
 16572 | Gauntlet | Found a transporter.
 16576 | Gauntlet | Found a transporter.
 16582 | Gauntlet | Noticed a hell beast
 16584 | Gauntlet | Found a transporter.
 16588 | Gauntlet | Found a transporter.
 16593 | Gauntlet | Noticed a ghost crab
 16594 | Gauntlet | Found a runed translucent gate.
 16594 | Gauntlet | Found a runed translucent gate.
 16594 | Gauntlet | Found a runed translucent gate.
 16596 | Gauntlet | Found a transporter.
 16627 | Gauntlet | Found a transporter.
 16639 | Gauntlet | Found a transporter.
 16652 | Gauntlet | Found a transporter.
 16665 | Gauntlet | Found a transporter.
 16733 | Gauntlet | HP: 1/72 [wolf (5)]
 16734 | Gauntlet | Mangled by a wolf

Illustrated notes

Levels and vault maps discovered:
D:1:      saegor_arrival_simple_d, layout_rooms, minmay_bisected
D:2:      layout_basic, uniq_terence
D:3:      layout_basic, chequers_decorated_corner, due_unseen_surprise
D:4:      layout_rooms, lemuel_tele_altar, minmay_temple_entry_junction_2,
          serial_shops, nicolae_diamond_shop, grunt_decor_one_mirror
D:5:      minmay_razor_zed, layout_cave_pods, amcnicky_altar_gilded,
          uniq_blork_the_orc
D:6:      layout_basic, fedhas_bush_and_centaur_altar, serial_demonic,
          serial_demonic_a, serial_demonic_c, serial_demonic_e,
          serial_demonic_e, serial_demonic_e, serial_demonic_g,
          serial_demonic_a, serial_demonic_a, chequers_serial_rivers_micro_d
D:7:      cheibrodos_shockbox, layout_basic, nicolae_tso_swordbearing_angel,
          uniq_duvessa
D:8:      layout_cave_pods, onia_ninara_dug_in_and_dangerous
D:9:      layout_roguey, guppyfry_shop_venom
D:10:     layout_basic, hangedman_decor_push
D:11:     layout_cave_pools, david_lair_shrubbed, gauntlet_entry_generic,
          nicolae_trove_entry_crystal
Temple:   mainiacjoe_temple_bowtie_tessellation
Gauntlet: gammafunk_gauntlet_77_escape_option
          [minmay_gauntlet_arena_77_hold_the_fort,
          minmay_gauntlet_arena_77_block_sizes, minmay_gauntlet_arena_77_mess,
          minmay_gauntlet_arena_77_radiant_squares,
          minmay_gauntlet_arena_77_run_for_it, gauntlet_exit_hidden_loot]

Skill      XL: |  1  2  3  4  5  6  7  8  9 10 11 |
---------------+----------------------------------+-----
Conjurations   | 2 3 4 5 |  5.0
Air Magic      | 5 6 7 9 10 | 10.0
Fighting       | 4 8 10 | 10.0
Spellcasting   | 5 10 | 10.0
Fire Magic     | 5 |  5.0
Dodging        | 3 |  3.3
Stealth        | |  2.0

Action                   |  1- 3 |  4- 6 |  7- 9 | 10-12 || total
-------------------------+-------+-------+-------+-------++-------
Melee: Short sword       |     5 |       |       |       ||     5
       Kick              |     2 |     5 |       |       ||     7
       Peck              |     1 |     1 |       |       ||     2
       Hand axe          |       |    14 |       |       ||    14
 Fire: Sling             |       |    41 |   138 |    35 ||   214
 Cast: Shock             |    78 |    22 |     6 |    38 ||   144
       Static Discharge  |       |    26 |   114 |    36 ||   176
       Foxfire           |       |       |     2 |     3 ||     5
       Swiftness         |       |       |     3 |       ||     3
       Airstrike         |       |       |    18 |    29 ||    47
       Flame Wave        |       |       |       |     3 ||     3
 Stab: Sleeping          |     1 |     1 |       |       ||     2
Armor: Robe              |     3 |     5 |    21 |       ||    29
       Leather armour    |       |       |     3 |     8 ||    11
Dodge: Dodged            |    14 |    27 |    85 |    48 ||   174
